Croesus, chaotic male elven Ranger --------- |.......| ---------------- --------- |........ |..............| #.>......| |.......| # |..............| ###|.......| |........#####-..............| # #-.......| ------.-- #|..............| ### --.------ ## #--.------------- # ### ##### ----------- # `################## ### # #############..........| # # # ### ## |.^.......| # ## # # ---.------ ##-.........| # -----------|----### |........| # |.........| # |...<...........# |........| ### ----------- ------|--- |............{.|# |........| # |.....A..| |...............# |.........## |)()[.=*.| ---------------- |........| |(+=+)*"S| |........| |+([%*Y=?| ---------- |()%[/?@+| ---------- Croesus the Tenderfoot Experience level: 1 Strength: 15 Dexterity: 10 Constitution: 15 Intelligence: 13 Wisdom: 18 Charisma: 8 Health: 0(13) Energy: 4(4) Def: 3 Gold: 0 Moves: 901 Dungeon seed: mIkNr2QUJt45wpG7 Game ID: Croesus_1562217555 Your Inventory: Weapons a - 31 uncursed +0 elven arrows (in quiver) c - 57 blessed +2 elven arrows d - an uncursed +1 elven dagger (weapon in hand) e - an uncursed +1 elven bow (alternate weapon; not wielded) j - 45 uncursed +0 darts l - an uncursed poisoned +0 dart n - an uncursed +1 dart Armor b - an uncursed +2 elven cloak (being worn) Comestibles f - 5 uncursed lembas wafers h - an uncursed food ration Scrolls i - an uncursed scroll of confuse monster Tools k - an uncursed skeleton key m - an uncursed magic lamp Spells and supernatural/magical abilities: Name Level Category Cost Memory W - pray for help -- divine ? -- Your skills at the end: Fighting Skills wands [Basic] Weapon Skills dagger [Basic] bow [Basic] Spellcasting Skills Final Attributes: You were piously aligned. You were immune to sleep. You were hallucinating. You were stunned. You saw invisible. You had automatic searching. You had infravision. You were stealthy. Mars was noncommittal. You are dead. Vanquished creatures: 2 shriekers a gas spore a large kobold a giant rat a gecko 2 jackals a kobold 3 grid bugs 3 lichens a newt and a partridge in a pear tree 16 creatures vanquished. Voluntary challenges: You followed a strict vegan diet. You were an atheist. You used a wielded weapon 4 times, starting on turn 545. You were illiterate. You never genocided any monsters. You never polymorphed an object. You never changed form. You used no wishes. You never split a pudding. You never wrote Elbereth's name. You never violated your personal moral code. Dungeon overview: The Dungeons of Doom: levels 1 to 3 Level 1 some fountains, a vault a long staircase Level 2 Level 3 <- You were here a hardware shop, a fountain History has recorded: On T:1 you entered the Dungeons of Doom to retrieve the Amulet of Yendor! On T:544 you reached level 2 of The Dungeons of Doom. On T:591 you reached level 3 of The Dungeons of Doom. Score breakdown: Gold: 0 ( 0 points) Experience: 1 level ( 0 points) Exploration: 3 levels ( 6.38%) ( 6255 points) Discoveries: 1 item ( 0.34%) ( 1746 points) Valuables value: (no points given unless you survive) Artifact value: 0 ( 0 points) Variety of kills: 10 monsters ( 2.63%) ( 4866 points) Turncount: 901 turns ( 0 points) Survival: died (score multiplied by 80%) Total score: 10293 Latest messages: You succeed in unlocking the chest. You carefully open the chest... You see here a chest (998 zorkmids). Hmmm, it seems to be locked. You succeed in unlocking the chest. You trigger a trap! A cloud of dark gray gas billows from the chest. You stagger and your vision blurs... The large cat picks up a key. The tyrannosaurus rex drops a key. The vampire lord misses the dwarf king. The ettin misses the gnome zombie. The rock mole bites the stone golem. The jackal misses the air elemental. The killer bee misses the imp. The lemure bites the rat-ant. The gold golem hits the werejackal. The giant ant hits! The leprechaun hits! You die... Rellenk comes and takes all your possessions. Final status: Goodbye Croesus the Ranger, killed by a hallucinogen-distorted small mimic... You died in The Dungeons of Doom on dungeon level 3 with 10293 points, and 0 pieces of gold, after 901 moves. You were level 1 with a maximum of 13 hit points when you died.